 Dungeon Crawl Stone Soup version 0.31.0-32-g396128a36d (webtiles) character file.

Game seed: 7523701426855312791

55 monsoonserge the Ruffian (level 3, -2/24 HPs)
             Began as an Octopode Shapeshifter on Apr 11, 2024.
             Slain by an orc wizard
             ... wielding a +0 dagger
              (5 damage)
             ... on level 2 of the Dungeon.
             The game lasted 00:02:30 (748 turns).

monsoonserge the Ruffian (Octopode Shapeshifter)     Turns: 748, Time: 00:02:32

Health: -2/24      AC:  1    Str: 15    XL:     3   Next: 93%
Magic:  3/3        EV: 13    Int: 12    God:
Gold:   98         SH:  0    Dex: 11    Spells: 2/2 levels left

rFire   . .          .
                       - Unarmed
rCold   . . .        (no shield)
rNeg    . . .        (helmet currently unavailable)
rPois   +            (no amulet)
rElec   .            l - ring of poison resistance
rCorr   .            (no ring)
SInv    .            (no ring)
Will    .....        (no ring)
Stlth   ++           (no ring)
HPRegen 0.24/turn    (no ring)
MPRegen 0.08/turn    (no ring)
                     (no ring)

%: no passive effects
@: beast-form
A: beast (slay +2), almost no armour, amphibious, 8 rings, camouflage 1,
gelatinous body 1, (nimble swimmer 1), tentacles
a: Begin Untransformation


You were on level 2 of the Dungeon.
You were a hulking beast.
You visited 1 branch of the dungeon, and saw 2 of its levels.

You collected 98 gold pieces.

Inventory:

Jewellery
 l - a ring of poison resistance (left tentacle)
Talismans
 b - a beast talisman
 c - a flux talisman
Scrolls
 d - a scroll of teleportation {unknown}
 f - a scroll of amnesia {unknown}
 g - 2 scrolls of identify {unknown}
 i - a scroll of immolation {unknown}
Potions
 a - a potion of lignification
 e - a potion of attraction {unknown}
 h - 2 potions of invisibility {unknown}
 j - a potion of curing {unknown}
 k - a potion of magic {unknown}


   Skills:
 - Level 2.0 Fighting
 - Level 2.0 Dodging
 - Level 1.0 Stealth
 + Level 3.7 Unarmed Combat
 - Level 3.5 Shapeshifting


You had 2 spell levels left.
You didn't know any spells.
Your spell library contained the following spells:

 Spells                   Type           Power      Damage    Failure   Level
 Apportation              Tloc           0%         N/A       32%         1
 Jinxbite                 Hex            0%         N/A       45%         2
 Alistair's Intoxication  Alch           0%         N/A       100%        5


Dungeon Overview and Level Annotations

Branches:
Dungeon (2/15)

Altars:


Innate Abilities, Weirdness & Mutations

You are a hulking beast.
Your limbs bulge with bestial killing power. (Slay +2)
You cannot wear most types of armour.
You are amphibious.
You can wear up to eight rings at the same time.
Your skin changes colour to match your surroundings (Stealth+).
Your rubbery body absorbs attacks. (AC +1, EV +1)
((You are camouflaged when in or above water. (Stealth+)))
You have tentacles for arms and can constrict up to eight enemies at once.


Message History

Your squeeze misses the quokka.
The quokka is moderately wounded.
The quokka completely misses you.
You barely miss the quokka. You grab the quokka.
The quokka is lightly wounded.
You constrict the quokka. The quokka bites you.
You tentacle-slap the quokka.
You kill the quokka!
You see here a quokka corpse.
HP restored.
An orc wizard comes into view. It is wielding a +0 dagger.
The orc wizard shouts!
You hear a shout!
An orc and an orc wizard come into view.
The orc moves out of view.
The orc wizard casts a spell.
The orc wizard flickers and vanishes!
Deactivating autopickup; reactivate with Ctrl-A.
You tentacle-slap the orc wizard. Your grab misses the orc wizard.
The orc wizard is lightly wounded.
The orc wizard gestures at you while chanting.
You are confused.
You bump into the rock wall.
The orc wizard closely misses you.
You're too confused to move!
The orc wizard hits you with a +0 dagger.
The orc wizard gestures wildly while chanting.
The orc wizard flickers and vanishes!
You hear a shout!
You bump into the rock wall.
You're too confused to move!
Something hits you.
You feel less confused.
A magic dart appears from out of thin air!
The magic dart hits something.
Something hits you. x2
You tentacle-slap something. You squeeze something.
You hear some strange, mumbled words.
A magic dart appears from out of thin air!
The magic dart hits you!
* * * LOW HITPOINT WARNING * * *
Something hits you.
You die...

####### ## #.....# ##
###.##########.....#
#.##..................####
............####......†.#
## #.....####h#
#.....##.####
#..##.#..####{#
#######...... #
#.........##o# #..###. #
#.##.#.<#.##.# #..###. #
#.##.#..#.##.# #...##. #
#............# #.#.##.
#####.##.####.##.. #.#.##.
.....#.#.####.##.. #......
....###.....# . ###.###


You could see an orc.

Vanquished Creatures
  A dart slug (D:1)
  5 endoplasms
  4 giant cockroaches
  4 goblins
  6 hobgoblins
  8 jackals (D:1)
  2 quokkas
  4 ball pythons (D:1)
  3 bats (D:1)
  A frilled lizard (D:1)
  A kobold (D:1)
  6 rats (D:1)
45 creatures vanquished.

Notes
Turn   | Place    | Note
-------+----------+-------------------------------------------
     0 | D:1      | monsoonserge the Octopode Shapeshifter began the quest for
                  | the Orb.
     0 | D:1      | Reached XP level 1. HP: 13/13 MP: 1/1
    26 | D:1      | Reached skill level 1 in Stealth
    27 | D:1      | Reached XP level 2. HP: 9/18 MP: 2/2
    41 | D:1      | You fall into a shaft and drop 1 floor!
   226 | D:1      | Reached XP level 3. HP: 18/24 MP: 3/3
   748 | D:2      | Slain by an orc wizard

Illustrated notes

Levels and vault maps discovered:
D:1:      wander_arrival_fairy_ring, layout_basic, minmay_circled_x
D:2:      layout_loops_cross, hangedman_decor_clover_reticule,
          kennysheep_decorative_pillar, uniq_natasha

Skill      XL: |  1  2  3 |
---------------+----------+-----
Stealth        | 1 |  1.0
Fighting       | 2 |  2.0
Dodging        | |  2.0
Unarmed Combat | |  3.7
Shapeshifting  | |  3.5

Action                     || total
---------------------------++-------
  Melee: Unarmed           ||    80
         Constrict         ||    24
         Tentacles         ||    11
         Punch             ||     3
   Stab: Sleeping          ||     5
 Armour: Skin              ||    28
  Dodge: Dodged            ||    43
